 Dungeon Crawl Stone Soup version 0.27-a0-13-g87abb2d9eb (webtiles) character file.

Game seed: 7612671647883322335

145606 HoaS the Brawler (level 17, 0/163 HPs)
             Began as a Ghoul Gladiator on Jan 2, 2021.
             Was the Champion of Makhleb.
             Slain by a redback (8 damage)
             ... on level 2 of the Spider Nest.
             The game lasted 01:09:22 (23673 turns).

HoaS the Brawler (Ghoul Gladiator)                 Turns: 23673, Time: 01:09:22

Health: 0/163      AC:  9    Str: 24    XL:     17   Next: 42%
Magic:  16/16      EV: 13    Int:  3    God:    Makhleb [******]
Gold:   3972       SH:  5    Dex: 11    Spells: 16/16 levels left

rFire    + . .     SeeInvis .     - Unarmed
rCold    + . .     Faith    .   (no shield)
rNeg     + + +     Spirit   .   P - +3 chain mail {rF+}
rPois    ∞         Reflect  +   b - +2 helmet
rElec    .         Harm     .   f - +2 cloak
rCorr    .         Rampage  .   (no gloves)
Will     +....                  j - +2 pair of boots
Stlth    ..........             H - amulet of reflection
HPRegen  0.00/turn              a - +4 ring of protection
MPRegen  0.15/turn              I - +4 ring of protection

@: about to teleport, marked, corroded
A: claws 1, cold resistance 1, negative energy resistance 3, inhibited
regeneration, torment resistance, unbreathing
a: Renounce Religion, Minor Destruction, Lesser Servant of Makhleb, Major
Destruction, Greater Servant of Makhleb


You were on level 2 of the Spider Nest.
You worshipped Makhleb.
Makhleb was exalted by your worship.
You visited 5 branches of the dungeon, and saw 26 of its levels.
You visited the Abyss 1 time.
You also visited: Gauntlet and Volcano.

You collected 4107 gold pieces.
You spent 135 gold pieces at shops.

Inventory:

Missiles
 c - a throwing net (quivered)
 h - 27 javelins
Armour
 b - a +2 helmet (worn)
 f - a +2 cloak (worn)
 j - a +2 pair of boots (worn)
 r - a scarf of resistance
 P - a +3 chain mail of fire resistance (worn)
Jewellery
 a - a +4 ring of protection (left claw)
 i - an uncursed ring of fire
 s - an uncursed ring of see invisible
 w - a +6 ring of dexterity
 z - an uncursed ring of protection from cold
 H - an amulet of reflection (around neck)
 I - a +4 ring of protection (right claw)
 M - the ring of New Discoveries {Wiz rPois rC+++ Stlth+}
   (You found it in a Gauntlet)

   [ring of wizardry]

   It improves your spell success rate.
   It renders you almost immune to cold.
   It protects you from poison.
   It makes you more stealthy.
 O - an uncursed ring of flight
Wands
 q - a wand of acid (5)
 F - a wand of digging (4)
Scrolls
 g - a scroll of summoning
 l - 6 scrolls of remove curse
 m - 13 scrolls of identify
 n - a scroll of fear
 v - 12 scrolls of teleportation
 x - 7 scrolls of magic mapping
 B - 7 scrolls of blinking
 G - 4 scrolls of fog
 S - 2 scrolls of enchant armour
Potions
 d - 2 potions of haste
 e - 5 potions of attraction
 k - 7 potions of ambrosia
 p - a potion of might
 t - a potion of cancellation
 A - 10 potions of curing
 C - a potion of invisibility
 E - 2 potions of resistance
 N - 3 potions of flight


   Skills:
 * Level 17.6 Fighting
 - Level 1.7 Throwing
 + Level 11.3 Armour
 + Level 11.3 Dodging
 * Level 20.2 Unarmed Combat


You had 16 spell levels left.
You didn't know any spells.
Your spell library contained the following spells:

 Spells                   Type           Power        Failure   Level
 Animate Skeleton         Necr           0%           97%         1
 Apportation              Tloc           0%           97%         1
 Corona                   Hex            0%           97%         1
 Pain                     Necr           0%           97%         1
 Sting                    Tmut/Pois      0%           97%         1
 Summon Small Mammal      Summ           0%           97%         1
 Call Imp                 Summ           0%           99%         2
 Ensorcelled Hibernation  Hex/Ice        0%           99%         2
 Poisonous Vapours        Pois/Air       0%           99%         2
 Call Canine Familiar     Summ           0%           100%        3
 Confusing Touch          Hex            0%           100%        3
 Conjure Flame            Conj/Fire      0%           100%        3
 Dazzling Flash           Conj/Hex       0%           100%        3
 Ignite Poison            Fire/Tmut/Pois 0%           100%        3
 Mephitic Cloud           Conj/Pois/Air  0%           100%        3
 Summon Guardian Golem    Hex/Summ       0%           100%        3
 Tukima's Dance           Hex            0%           100%        3
 Vampiric Draining        Necr           0%           100%        3
 Animate Dead             Necr           0%           100%        4
 Olgreb's Toxic Radiance  Pois           0%           100%        4
 Summon Ice Beast         Ice/Summ       0%           100%        4
 Summon Lightning Spire   Summ/Air       0%           100%        4
 Agony                    Necr           0%           100%        5
 Freezing Cloud           Conj/Ice/Air   0%           100%        6
 Chain Lightning          Conj/Air       0%           100%        8
 Lehudib's Crystal Spear  Conj/Erth      0%           100%        8
 Absolute Zero            Ice            0%           100%        9
 Fire Storm               Conj/Fire      0%           100%        9


Dungeon Overview and Level Annotations

Branches:
Dungeon (15/15)            Temple (1/1) D:7            Lair (6/6) D:10
 Shoals (0/4) Lair:3       Spider (2/4) Lair:4        Slime (0/5) Lair:5
    Orc (2/2) D:12            Elf (0/3) Orc:2        Vaults (0/5) D:13
 Depths (0/5) D:15        Volcano (visited)         Gauntlet (visited)

Altars:
Cheibriados
Dithmenos
Elyvilon
Fedhas
Gozag
Kikubaaqudgha
Makhleb
Nemelex Xobeh
Okawaru
Qazlal
Ru
Sif Muna
Trog
Uskayaw
Vehumet
Wu Jian
Yredelemnul
Beogh
Jiyva

Shops:
D:6 [   D:8 !   D:13 =   Orc:1 (   Orc:2 }:=}(?:

Annotations:
Lair:5 1 runed translucent door


Innate Abilities, Weirdness & Mutations

You thrive by killing the living.
You are immune to poison.
You have sharp fingernails.
Your flesh is cold resistant. (rC+)
You are immune to negative energy. (rN+++)
You do not regenerate when monsters are visible.
You are immune to unholy pain and torment.
You can survive without breathing.


Message History

The redback bites you.
* * * LOW HITPOINT WARNING * * *
A demonic crawler comes into view.
The jumping spider leaps!
The redback bites you!
* * * LOW HITPOINT WARNING * * *
The jumping spider leaps!
A redback comes into view.
You feel much better. The redback barely misses you.
The redback completely misses you. The redback barely misses you.
The redback bites you!
* * * LOW HITPOINT WARNING * * *
The jumping spider leaps!
A wolf spider comes into view.
The redback bites you!
* * * LOW HITPOINT WARNING * * *
The entropy weaver hits you but does no damage.
The entropy weaver misses you.
The entropy weaver hits you but does no damage.
The entropy weaver misses you. The redback bites you!
You die...

.. # ## #s.
##.##.# #s....
#..?.○.#####.s○...
##...$...#.s.s....
#......ss/.^s.....
##^..##ss†.#......
## ##.@s°........
#.Bss.........
#.#.B†..†....#
##....s...#..#
####.....# .#
#.......
#.........
##.........
..........


You could see 2 entropy weavers, a demonic crawler, a wolf spider, an orb spider
(charged), a jumping spider, 3 tarantellas and 7 redbacks.

Vanquished Creatures
  Saint Roka (Orc:2)
  Rupert (D:14)
  Jorgrun (Orc:2)
  A tentacled starspawn (Abyss:2)
  Agnes (D:15)
  The ghost of Bumuvide the Severer, a journeyman DDFi of Makhleb (Spider:1)
  An orc warlord (Orc:1)
  A fire giant (D:15)
  Louise (D:15)
  An ironheart preserver (D:13)
  The ghost of Agoshaem the Wallflower, a journeyman DDFi of Uskayaw (Orc:1)
  An entropy weaver (Spider:1)
  A minotaur (Gauntlet)
  A rakshasa (D:15)
  A catoblepas (Lair:6)
  Harold (D:8)
  8 hydras
  8 centaur warriors
  6 boulder beetles
  A two-headed ogre (D:12)
  3 tengu warriors
  The ghost of funkygono the Thaumaturge, a novice DrAE of Vehumet (D:8)
  2 death scarabs (Gauntlet)
  Urug (Orc:2)
  2 thrashing horrors (Abyss:2)
  3 wretched stars (Abyss:2)
  Nergalle (Lair:2)
  Sonja (Lair:3)
  4 large abominations (Abyss:2)
  3 unseen horrors
  A glowing orange brain (shapeshifter) (D:14)
  3 sixfirhies (Gauntlet)
  A hell knight (Volcano)
  2 wizards
  3 orc knights
  An orc sorcerer (Orc:1)
  3 orb spiders
  A deep elf mage (D:12)
  2 manticores
  4 wolf spiders
  3 cyclopes
  14 ugly things
  A worldbinder (Abyss:2)
  6 black mambas
  11 elephants
  4 merfolk sirens (Lair:3)
  4 orange demons (Abyss:2)
  4 smoke demons (Abyss:2)
  29 cane toads
  A gargoyle (D:10)
  5 kobold demonologists
  A yaktaur (Volcano)
  A freezing wraith (D:14)
  4 efreet
  20 komodo dragons
  A rime drake (Lair:1)
  A red devil (Abyss:2)
  A hellwing (Abyss:2)
  2 polar bears
  8 trolls
  A demonic crawler (Lair:4)
  A queen bee (Lair:3)
  Prince Ribbit (D:8)
  4 tyrant leeches
  14 jumping spiders
  32 blink frogs
  4 raiju (Abyss:2)
  6 slime creatures
  3 shadows
  2 ynoxinuls (Abyss:2)
  A vampire (D:14)
  A wraith (D:13)
  16 redbacks
  6 wyverns
  4 tarantellas (Spider:1)
  59 yaks
  Grum (D:8)
  2 basilisks
  20 vampire mosquitoes
  Menkaure (D:5)
  2 spectral cane toads (Gauntlet)
  3 wargs
  2 soldier ants
  15 water moccasins
  7 ice beasts
  6 sky beasts
  A black bear (D:6)
  An eye of draining (D:12)
  56 orc warriors
  2 phantoms
  17 ogres
  8 wolves
  21 centaurs
  3 big kobolds
  A gnoll sergeant (D:10)
  35 bullfrogs
  5 small abominations (Abyss:2)
  3 wyvern skeletons
  A wyvern zombie (D:14)
  A scorpion (D:9)
  27 killer bees
  16 wights
  2 electric eels
  3 howler monkeys
  2 bullfrog zombies (D:5)
  6 centaur zombies
  21 hounds
  3 centaur skeletons
  14 jellies
  2 quasits
  20 orc priests
  3 bullfrog skeletons
  6 iguanas
  33 orc wizards
  5 hell rats (Lair:5)
  14 worker ants
  A centaur simulacrum (D:8)
  A hound zombie (D:5)
  2 worker ant zombies
  11 gnolls
  A howler monkey skeleton (D:9)
  19 adders
  4 shadow imps
  4 white imps
  5 ufetubi
  16 oozes
  An adder zombie (D:5)
  3 worms
  2 dart slugs (D:2)
  4 leopard geckos
  102 orcs
  A ball python (D:3)
  10 giant cockroaches
  9 goblins
  11 hobgoblins
  17 jackals
  16 kobolds
  5 quokkas
  11 bats
  5 frilled lizards
  A giant cockroach zombie (D:5)
  A jackal skeleton (D:5)
  3 jackal zombies
  2 leopard gecko skeletons
  2 leopard gecko zombies
  A quokka skeleton (D:5)
  A quokka zombie (D:7)
  6 rats
  A starspawn tentacle (Abyss:2)
1027 creatures vanquished.

Vanquished Creatures (others)
  A white imp (D:10)
  A kobold (D:13)
  23 fungi
  A lurking horror (Abyss:2)
  73 plants
  A starspawn tentacle (Abyss:2)
  A withered plant (D:5)
101 creatures vanquished.

Grand Total: 1128 creatures vanquished

Notes
Turn   | Place    | Note
-------+----------+-------------------------------------------
     0 | D:1      | HoaS the Ghoul Gladiator began the quest for the Orb.
     0 | D:1      | Reached XP level 1. HP: 17/17 MP: 0/0
    44 | D:1      | Found a roughly hewn altar of Beogh.
    44 | D:1      | Noticed an orc wizard
    44 | D:1      | Noticed an orc wizard
    45 | D:1      | Noticed an orc warrior
    68 | D:1      | Reached XP level 2. HP: 20/24 MP: 1/1
    75 | D:1      | Reached skill level 4 in Unarmed Combat
   516 | D:1      | Reached XP level 3. HP: 27/29 MP: 2/2
  1232 | D:2      | You fall into a shaft and drop 2 floors!
  1239 | D:4      | Reached skill level 5 in Unarmed Combat
  1239 | D:4      | Reached XP level 4. HP: 34/36 MP: 3/3
  1296 | D:4      | Reached skill level 6 in Unarmed Combat
  1296 | D:4      | Reached XP level 5. HP: 21/41 MP: 4/4
  1507 | D:3      | Reached skill level 7 in Unarmed Combat
  1704 | D:3      | Reached XP level 6. HP: 48/48 MP: 5/5
  2838 | D:3      | Found an ornate altar of the Wu Jian Council.
  3194 | D:4      | Reached skill level 8 in Unarmed Combat
  3196 | D:4      | Found a sparkling altar of Nemelex Xobeh.
  3439 | D:4      | Reached XP level 7. HP: 9/55 MP: 6/6
  3734 | D:5      | Entered Level 5 of the Dungeon
  3774 | D:5      | Reached skill level 9 in Unarmed Combat
  3974 | D:5      | Reached skill level 10 in Unarmed Combat
  4006 | D:5      | Reached XP level 8. HP: 60/61 MP: 7/7
  4095 | D:5      | Noticed Menkaure
  4105 | D:5      | Killed Menkaure
  4295 | D:6      | Reached skill level 11 in Unarmed Combat
  4466 | D:6      | Reached skill level 12 in Unarmed Combat
  4474 | D:6      | Reached XP level 9. HP: 33/68 MP: 8/8
  4678 | D:6      | Found Jeziteo's Armour Boutique.
  4811 | D:6      | Reached skill level 1 in Armour
  5289 | D:7      | Found a staircase to the Ecumenical Temple.
  5300 | Temple   | Entered the Ecumenical Temple
  5306 | Temple   | Became a worshipper of Makhleb the Destroyer
  5848 | D:8      | Noticed Harold
  5881 | D:8      | Killed Harold
  5882 | D:8      | Reached skill level 5 in Fighting
  6155 | D:8      | Reached XP level 10. HP: 83/83 MP: 9/9
  6235 | D:8      | Noticed Psyche
  6237 | D:8      | Noticed Psyche
  6237 | D:8      | Psyche changed into Psyche the ogre
  6242 | D:8      | Killed Psyche the ogre
  6243 | D:8      | Reached skill level 13 in Unarmed Combat
  6302 | D:8      | You fall into a shaft and drop 1 floor!
  6367 | D:9      | Reached * piety under Makhleb
  6565 | D:8      | Found a snail-covered altar of Cheibriados.
  6602 | D:8      | Found a runed translucent gate.
  6602 | D:8      | Found a runed translucent gate.
  6602 | D:8      | Found a runed translucent gate.
  6610 | D:8      | Noticed funkygono's ghost (novice DrAE)
  6620 | D:8      | Noticed Prince Ribbit
  6628 | D:8      | Noticed Grum
  6632 | D:8      | Killed Prince Ribbit
  6649 | D:8      | Killed Grum
  6854 | D:8      | Found Urrem's Distillery.
  6857 | D:8      | Bought a potion of might for 60 gold pieces
  6857 | D:8      | Bought a potion of heal wounds for 75 gold pieces
  7208 | D:9      | Reached skill level 5 in Dodging
  7272 | D:9      | Reached XP level 11. HP: 90/94 MP: 10/10
  7299 | D:9      | Reached ** piety under Makhleb
  7519 | D:10     | Entered Level 10 of the Dungeon
  7558 | D:10     | Reached skill level 14 in Unarmed Combat
  7676 | D:10     | Found a staircase to the Lair.
  8252 | D:10     | Reached skill level 5 in Armour
  8457 | D:8      | Killed funkygono's ghost
  8545 | Lair:1   | Entered Level 1 of the Lair of Beasts
  8744 | D:1      | Reached *** piety under Makhleb
  9200 | Lair:1   | Reached skill level 10 in Fighting
  9253 | Lair:1   | Reached XP level 12. HP: 90/106 MP: 11/11
  9333 | Lair:1   | Noticed a four-headed hydra
  9340 | Lair:1   | Killed a four-headed hydra
  9341 | Lair:1   | Reached skill level 15 in Unarmed Combat
  9895 | Lair:2   | Noticed Nergalle
  9902 | Lair:2   | Killed Nergalle
  9969 | Lair:2   | Reached **** piety under Makhleb
 10475 | Lair:3   | Found a gate leading to a gauntlet.
 10484 | Gauntlet | Entered a Gauntlet
 10484 | Gauntlet | Found a transporter.
 10487 | Gauntlet | Found a transporter.
 10487 | Gauntlet | Noticed a hell hog
 10504 | Gauntlet | Found a transporter.
 10507 | Gauntlet | Found a transporter.
 10525 | Gauntlet | Found a transporter.
 10538 | Gauntlet | Found a transporter.
 10551 | Gauntlet | Found a transporter.
 10571 | Gauntlet | Found a transporter.
 10575 | Gauntlet | Found a transporter.
 10575 | Gauntlet | Noticed a death scarab
 10579 | Gauntlet | Noticed a death scarab
 10583 | Gauntlet | Found a transporter.
 10602 | Gauntlet | Noticed a catoblepas
 10606 | Gauntlet | Found a transporter.
 10610 | Gauntlet | Found a transporter.
 10647 | Gauntlet | Noticed a thrashing horror
 10720 | Gauntlet | Killed a death scarab
 10729 | Gauntlet | Killed a death scarab
 10788 | Gauntlet | Reached XP level 13. HP: 83/117 MP: 12/12
 10804 | Gauntlet | Got a faintly glowing bone ring
 10917 | Gauntlet | Noticed a minotaur
 10932 | Gauntlet | Killed a minotaur
 11226 | Lair:3   | Found a staircase to the Shoals.
 11233 | Lair:3   | Reached skill level 16 in Unarmed Combat
 11522 | Lair:3   | Noticed Sonja
 11531 | Lair:3   | Killed Sonja
 11726 | Lair:3   | Identified the ring of New Discoveries {Wiz rPois rC+++
                  | Stlth+} (You found it in a Gauntlet)
 12032 | Lair:3   | Identified a scroll of acquirement
 12032 | Lair:3   | Acquired 1045 gold pieces
 12234 | Lair:4   | Found a hole to the Spider Nest.
 12295 | Lair:4   | Reached ***** piety under Makhleb
 12980 | Lair:5   | Found a runed translucent door.
 12992 | Lair:5   | Reached XP level 14. HP: 129/129 MP: 13/13
 13067 | Lair:5   | Reached skill level 17 in Unarmed Combat
 13283 | Lair:5   | Found a viscous altar of Jiyva.
 13655 | Lair:5   | Found a staircase to the Slime Pits.
 13655 | Lair:5   | Noticed an azure jelly
 13685 | Lair:6   | Entered Level 6 of the Lair of Beasts
 13723 | Lair:6   | HP: 5/130 [black mamba (12)]
 13863 | Lair:6   | Reached ****** piety under Makhleb
 14155 | Lair:6   | Found a dark tunnel.
 14164 | Volcano  | Entered a volcano
 14185 | Volcano  | Found a radiant altar of Vehumet.
 14727 | Lair:6   | Reached XP level 15. HP: 139/139 MP: 14/14
 14744 | Lair:6   | Reached skill level 18 in Unarmed Combat
 15550 | D:11     | Reached skill level 15 in Fighting
 15558 | D:11     | Identified the +6 great sword of Destruction {flame, rPois
                  | rC+ Str+4 Dex+7}
 16130 | D:12     | Found a staircase to the Orcish Mines.
 16721 | Orc:1    | Entered Level 1 of the Orcish Mines
 16848 | Orc:1    | Found a roughly hewn altar of Beogh.
 16907 | Orc:1    | Found a roughly hewn altar of Beogh.
 17108 | Orc:1    | Found a transporter.
 17117 | Orc:1    | Noticed Agoshaem's ghost (journeyman DDFi)
 17139 | Orc:1    | Found a transporter.
 17142 | Orc:1    | Paralysed by an orc sorcerer for 4 turns
 17162 | Orc:1    | Found Reefiax's Antique Weapon Emporium.
 17420 | Orc:1    | Killed Agoshaem's ghost
 17547 | Orc:2    | Entered Level 2 of the Orcish Mines
 17547 | Orc:2    | Noticed an orc warlord
 17646 | Orc:1    | Killed an orc warlord
 17790 | Orc:2    | Noticed Saint Roka
 18052 | Orc:2    | Found Mohapev's Gadget Shop.
 18056 | Orc:2    | Found Vur Xebe's Book Emporium.
 18070 | Orc:2    | Found Cuidot's Jewellery Emporium.
 18234 | Orc:2    | Killed Saint Roka
 18235 | Orc:2    | Reached skill level 10 in Dodging
 18251 | Orc:2    | Noticed Jorgrun
 18267 | Orc:2    | Killed Jorgrun
 18324 | Orc:2    | Found a staircase to the Elven Halls.
 18608 | Orc:2    | Found Beross's Magic Scroll Shop.
 18608 | Orc:2    | Found Qiuhekk's Antique Weapon Emporium.
 18610 | Orc:2    | Found Sacroq's Gadget Shoppe.
 18612 | Orc:2    | Found Yleex's Book Boutique.
 18727 | Orc:2    | Noticed Urug
 18736 | Orc:2    | Killed Urug
 18737 | Orc:2    | Reached skill level 10 in Armour
 19291 | D:13     | Reached XP level 16. HP: 151/151 MP: 15/15
 19438 | D:13     | Found Vuera's Jewellery Boutique.
 19512 | D:13     | Reached skill level 19 in Unarmed Combat
 19600 | D:13     | Found a gate to the Vaults.
 20132 | D:14     | Noticed Rupert
 20145 | D:14     | Killed Rupert
 20497 | D:14     | Found a white marble altar of Elyvilon.
 20563 | D:14     | HP: 5/152 [large slime creature (22)]
 21195 | D:15     | Entered Level 15 of the Dungeon
 21327 | D:15     | Noticed Louise
 21329 | D:15     | Found a staircase to the Depths.
 21329 | D:15     | Noticed Agnes
 21355 | D:15     | Killed Agnes
 21380 | D:15     | Cast into level 2 of the Abyss (Louise)
 21404 | Abyss:2  | Found a corrupted altar of Lugonu.
 21427 | Abyss:2  | Found a corrupted altar of Lugonu.
 21720 | Abyss:2  | Reached XP level 17. HP: 150/161 MP: 16/16
 21737 | Abyss:2  | Noticed a tentacled starspawn
 21743 | Abyss:2  | Killed a tentacled starspawn
 21886 | D:15     | Escaped the Abyss
 21916 | D:15     | Killed Louise
 21968 | D:15     | Reached skill level 20 in Unarmed Combat
 22392 | Spider:1 | Entered Level 1 of the Spider Nest
 22516 | Spider:1 | Found a runed translucent gate.
 22517 | Spider:1 | Found a runed translucent gate.
 22518 | Spider:1 | Found a runed translucent gate.
 22835 | Spider:1 | Noticed Bumuvide's ghost (journeyman DDFi)
 23569 | Spider:1 | Killed Bumuvide's ghost
 23671 | Spider:2 | HP: 5/163 [redback (8)]
 23673 | Spider:2 | Slain by a redback

Illustrated notes

Levels and vault maps discovered:
D:1:      erik_arrival_cave_to_civilisation [erik_arrival_cave_to_temple],
          layout_basic
D:2:      layout_rooms
D:3:      layout_loops_corners, marbit_many_paths, minmay_strange_pillars
D:4:      layout_rooms, nemelex_xobeh_ov_fountains_minmay
D:5:      layout_loops_ring, serial_undead, serial_undead_a, serial_undead_a,
          serial_undead_c, serial_undead_a, uniq_menkaure
D:6:      layout_loops_cross, serial_shops, shop
D:7:      layout_loops_ring, minmay_temple_entry_junction
D:8:      minmay_razor_zed, layout_gridville, gammafunk_ghost_necromancy,
          basic_altar, serial_shops, kennysheep_mini, minivault_4,
          uniq_prince_ribbit1, uniq_grum, uniq_harold, uniq_psyche
D:9:      layout_cave_pools
D:10:     layout_cave_pools, erik_lair_island, serial_gnoll_camp,
          gnoll_camp_mini_loothouse, gnoll_camp_mini_doghouse,
          gnoll_camp_mini_hut, gnoll_camp_mini_doghouse,
          amcnicky_mini_pool_small
D:11:     layout_rooms
D:12:     layout_stronghold, erik_orc_3
D:13:     layout_irregular_city, skrybe_vaults_entry_preservation, serial_shops,
          shop
D:14:     minmay_four_partial_circles, layout_basic, st_stairs_6,
          elyvilon_altar_5, uniq_rupert
D:15:     grunt_enter_depths_giant_problem, layout_rooms, serial_park_tiny_1,
          uniq_louise, uniq_agnes
Temple:   dpeg_three_leaves_temple
Lair:1:   layout_roguey, chequers_serial_rivers_room_b, st_stairs_5
Lair:2:   layout_regular_city, uniq_nergalle
Lair:3:   layout_loops_ring, elwin_shoals_entry_stream, special_room
          [special_room_bee], gauntlet_entry_generic, uniq_sonja
Lair:4:   statuecave_lemuel, layout_long_grid, spider_nest_entry_rubble,
          grunt_megastairs_3
Lair:5:   lemuel_slime, layout_gridlike, slime_altar_2, minivault_24
Lair:6:   minmay_lair_end_frog_pond, layout_regular_city,
          nicolae_volcano_entry_two_sided
Spider:1: layout_chambers, ebering_ghost_rock_garden
Spider:2: layout_spider_delve, hangedman_spider_tarantella_strand, uniq_arachne
Orc:1:    layout_caves, gammafunk_ghost_arena, basic_altar, serial_shops, shop,
          abandoned_shop, mines2_david
Orc:2:    st_orc_rangers, layout_caves, serial_shops, nicolae_shop_statue_plus,
          shop_statue, shop, uniq_jorgrun, uniq_urug, uniq_saint_roka

Skill      XL: |  1  2  3  4  5  6  7  8  9 10 11 12 13 14 15 16 17 |
---------------+----------------------------------------------------+-----
Unarmed Combat | 4 5 6 7 8 10 12 13 14 15 16 17 18 19 20 | 20.2
Fighting       | 5 8 10 11 13 14 15 17 | 17.6
Armour         | 2 4 5 6 8 9 10 11 | 11.3
Dodging        | 4 5 6 7 8 9 10 11 | 11.3
Throwing       | |  1.7

Action                   |  1- 3 |  4- 6 |  7- 9 | 10-12 | 13-15 | 16-18 || total
-------------------------+-------+-------+-------+-------+-------+-------++-------
Melee: Unarmed           |   109 |   232 |   315 |   645 |  1462 |   763 ||  3526
       Punch             |     1 |     5 |    14 |    40 |   136 |    92 ||   288
Throw: Throwing net      |       |     1 |     2 |     2 |     2 |     2 ||     9
       Javelin           |       |       |       |       |       |     4 ||     4
Evoke: Wand              |       |       |       |     4 |       |     2 ||     6
  Use: Scroll            |       |    15 |     3 |     9 |    17 |     3 ||    47
       Potion            |       |       |     2 |     1 |     6 |     3 ||    12
 Stab: Petrified         |       |       |       |       |     3 |       ||     3
Armor: Leather armour    |    34 |       |       |       |       |       ||    34
       Ring mail         |    13 |    20 |       |       |       |       ||    33
       Plate armour      |       |   104 |   137 |   341 |   524 |       ||  1106
       Chain mail        |       |       |       |       |   328 |   524 ||   852
Dodge: Dodged            |    65 |    69 |    82 |   271 |   938 |   539 ||  1964
Block: Other             |       |       |       |    44 |   336 |   209 ||   589
       Reflection        |       |       |       |       |    44 |     5 ||    49

Table legend: (Time is in decaauts)
 A = Elapsed time spent in this place.
 B = Non-inter-level travel time spent in this place.
 C = Inter-level travel time spent in this place.
 D = Time resting spent in this place.
 E = Time spent auto-exploring this place.
 F = Levels seen in this place.
 G = Mean time per level.
                   A        B        C        D        E       F      G
               +--------+--------+--------+--------+--------+-----+--------+
         Total |  22664 |  20780 |   1884 |   2244 |  13154 |  29 |  781.5 |
       Dungeon |  12832 |  11545 |   1287 |   1336 |   7422 |  15 |  855.5 |
        Temple |     12 |     12 |      0 |      0 |      0 |   1 |   12.0 |
          Lair |   5204 |   4780 |    424 |    113 |   3303 |   6 |  867.3 |
   Spider Nest |   1211 |   1119 |     92 |      0 |    912 |   2 |  605.5 |
  Orcish Mines |   2028 |   1948 |     80 |    436 |    929 |   2 | 1014.0 |
         Abyss |    461 |    461 |      0 |      0 |    264 |   1 |  461.0 |
       Volcano |    203 |    203 |      0 |      0 |    120 |   1 |  203.0 |
      Gauntlet |    710 |    710 |      0 |    358 |    202 |   1 |  710.0 |
               +--------+--------+--------+--------+--------+-----+--------+

Top non-repeatable levels by time:
     D:1: 1351 daAuts
   Orc:1: 1286 daAuts
     D:8: 1215 daAuts
    D:14: 1198 daAuts
     D:3: 1182 daAuts
Spider:1: 1156 daAuts
  Lair:6: 1150 daAuts
    D:10: 983 daAuts
  Lair:5: 953 daAuts
    D:13: 947 daAuts
    D:12: 947 daAuts
  Lair:3: 863 daAuts
     D:6: 859 daAuts
     D:4: 850 daAuts
  Lair:1: 808 daAuts
